 Dungeon Crawl Stone Soup version 0.29-a0-22-gbf593b16ee (webtiles) character file.

Game seed: 11205083933912969017

74393 enile the Warrior (level 15, -41/149 HPs)
             Began as a Minotaur Monk on Jan 29, 2022.
             Was an Initiate of Gozag.
             Annihilated by a titanic slime creature (87 damage)
             ... on level 13 of the Dungeon.
             The game lasted 01:11:57 (35249 turns).

enile the Warrior (Minotaur Monk)                  Turns: 35249, Time: 01:11:57

Health: -41/149    AC: 20    Str: 27      XL:     15   Next: 6%
Magic:  14/14      EV:  9    Int:  3 (7)  God:    Gozag
Gold:   343        SH:  5    Dex: 17      Spells: 14/14 levels left

rFire   . . .      SeeInvis .   j - +1 glaive (vamp)
rCold   . . .      Faith    .   (shield currently unavailable)
rNeg    + . .      Spirit   .   v - +2 plate armour {rN+}
rPois   +          Reflect  +   S - +1 hat
rElec   .          Harm     .   l - +0 cloak
rCorr   .          Rampage  .   (no gloves)
Will    +....                   (no boots)
Stlth   ..........              V - amulet of reflection
HPRegen 0.34/turn               D - +6 ring of slaying
MPRegen 0.14/turn               O - +6 ring of strength

@: no status effects
A: horns 2, retaliatory headbutt, poison resistance, strong 1, no potion heal 1
a: Renounce Religion, Potion Petition, Call Merchant, Bribe Branch


You were on level 13 of the Dungeon.
You worshipped Gozag.
Gozag was aware of your devotion.
You visited 3 branches of the dungeon, and saw 22 of its levels.

You collected 7660 gold pieces.
You spent 4379 gold pieces at shops.
You paid 2938 gold pieces to Gozag.

Inventory:

Hand Weapons
 e - a +1 rapier of flaming
 j - a +1 vampiric glaive (weapon)
 k - the +1 mace "Vumitaaj" {antimagic, *Corrode rPois Str+2 Stlth+}
   (You found it on level 3 of the Dungeon)

   It reduces the magical energy of the wielder, and disrupts the spells and
   magical abilities of those it strikes.
   Natural abilities and divine invocations are not affected.
   Str:       It affects your strength (+2).
   rPois:     It protects you from poison.
   *Corrode:  It may corrode you when you take damage.
   Stlth:     It makes you more stealthy.
Missiles
 t - 24 boomerangs
 y - 4 poisoned darts
 E - 5 curare-tipped darts
 Y - 6 javelins (quivered)
Armour
 b - a +2 chain mail of willpower
 d - a +4 chain mail
 f - a +1 plate armour of fire resistance
 l - a +0 cloak (worn)
 u - a +1 plate armour
 v - a +2 plate armour of positive energy (worn)
 S - a +1 hat (worn)
Jewellery
 a - a ring of ice
 h - an amulet of regeneration
 A - an amulet of guardian spirit
 D - a +6 ring of slaying (left hand)
 H - a ring of fire
 J - a ring of ice
 K - a +4 ring of evasion
 O - a +6 ring of strength (right hand)
 Q - a ring of resist corrosion
 T - a +4 ring of protection
 V - an amulet of reflection (around neck)
Wands
 i - a wand of paralysis (4)
 m - a wand of iceblast (12)
 n - a wand of polymorph (3)
 o - a wand of digging (15)
Scrolls
 g - 4 scrolls of amnesia
 p - 4 scrolls of immolation
 r - 4 scrolls of fog
 w - 4 scrolls of teleportation
 x - 5 scrolls of noise
 G - 5 scrolls of identify
 I - 5 scrolls of magic mapping
 N - a scroll of holy word
 P - a scroll of brand weapon
 R - 2 scrolls of vulnerability
 U - a scroll of silence
Potions
 c - a potion of degeneration {unknown}
 q - 2 potions of invisibility
 s - a potion of brilliance
 z - a potion of haste
 B - 2 potions of flight
 C - a potion of cancellation
 F - 5 potions of curing
 M - 2 potions of magic
 W - a potion of might
 Z - a potion of ambrosia
Miscellaneous
 L - a box of beasts
 X - a tin of tremorstones (inert)


   Skills:
 - Level 18.0 Fighting
 - Level 3.6(9.0) Axes
 - Level 12.7(13.0) Polearms
 - Level 12.0 Throwing
 - Level 14.0 Armour
 - Level 3.2 Dodging
 - Level 7.0 Stealth
 + Level 8.0 Evocations


You had 14 spell levels left.
You didn't know any spells.
Your spell library contained the following spells:

 Spells                   Type           Power      Damage    Failure   Level
 Apportation              Tloc           0%         N/A       99%         1
 Magic Dart               Conj           0%         1d3       99%         1
 Blink                    Tloc           0%         N/A       99%         2
 Call Imp                 Summ           0%         N/A       99%         2
 Ensorcelled Hibernation  Hex/Ice        0%         N/A       99%         2
 Passwall                 Tmut/Erth      0%         N/A       99%         2
 Call Canine Familiar     Summ           0%         N/A       100%        3
 Dazzling Flash           Conj/Hex       0%         N/A       100%        3
 Mephitic Cloud           Conj/Pois/Air  0%         N/A       100%        3
 Portal Projectile        Hex/Tloc       0%         N/A       100%        3
 Summon Guardian Golem    Hex/Summ       0%         N/A       100%        3
 Swiftness                Air            0%         N/A       100%        3
 Fulminant Prism          Conj/Hex       0%         3d6       100%        4
 Leda's Liquefaction      Hex/Erth       0%         N/A       100%        4
 Agony                    Necr           0%         N/A       100%        5
 Alistair's Intoxication  Tmut/Pois      0%         N/A       100%        5
 Manifold Assault         Tloc           0%         N/A       100%        5
 Silence                  Hex/Air        0%         N/A       100%        5
 Summon Forest            Summ/Tloc      0%         N/A       100%        5
 Summon Mana Viper        Hex/Summ       0%         N/A       100%        5
 Summon Cactus Giant      Summ           0%         N/A       100%        6
 Malign Gateway           Summ/Tloc      0%         N/A       100%        7
 Orb of Destruction       Conj           0%         9d5       100%        7
 Spellforged Servitor     Conj/Summ      0%         N/A       100%        7
 Storm Form               Tmut/Air       0%         N/A       100%        7
 Lehudib's Crystal Spear  Conj/Erth      0%         10d2      100%        8
 Summon Horrible Things   Summ           0%         N/A       100%        8


Dungeon Overview and Level Annotations

Branches:
Dungeon (14/15)            Temple (0/1) D:6            Lair (6/6) D:9
  Swamp (0/4) Lair:2       Spider (0/4) Lair:2        Slime (0/5) Lair:6
    Orc (2/2) D:9             Elf (0/3) Orc:2
 Vaults: D:13-14

Altars:
Elyvilon
Gozag
Uskayaw
Wu Jian
Beogh

Shops:
D:3 =   D:13 [   Orc:2 ([*(:

Annotations:
D:6 1 runed translucent door, badtown22's ghost, novice VSFi
D:14 Josephine
Lair:2 exclusion: oklob plant
Lair:4 3 runed translucent doors, Wadghoppo's ghost, journeyman MiHu


Innate Abilities, Weirdness & Mutations

You have a pair of horns on your head.
You reflexively headbutt those who attack you in melee.
Your system is resistant to poisons. (rPois)
Your muscles are strong. (Str +2)
Potions are less effective at restoring your health.


Message History

What level of the Pits of Slime? (default 1, ? - help)
Okay, then.
You see here a +0 whip.
The slime creature quivers.
The slime creature quivers. x2
The slime creature hits you but does no damage.
Two slime creatures merge to form a large slime creature.
You slice the large slime creature!! You headbutt the large slime creature!
The large slime creature is moderately wounded.
You slash the large slime creature! You headbutt the large slime creature.
The large slime creature is heavily wounded.
The large slime creature hits you.
Two slime creatures merge to form a very large slime creature.
You slice the very large slime creature!!
The very large slime creature is heavily wounded.
Two slime creatures merge to form an enormous slime creature.
You slice the enormous slime creature!!
You feel better.
The enormous slime creature is heavily wounded.
Two slime creatures merge to form a titanic slime creature.
You slice the titanic slime creature!!
You headbutt the titanic slime creature!
The titanic slime creature is heavily wounded.
You slash the titanic slime creature!
The titanic slime creature is heavily wounded.
You slice the titanic slime creature!!
Your headbutt misses the titanic slime creature.
The titanic slime creature is severely wounded.
The titanic slime creature hits you!!
You hit the titanic slime creature.
You headbutt the titanic slime creature!
The titanic slime creature is severely wounded.
The titanic slime creature hits you!!!!
Okay, then.
The tremorstone explodes into fragments!
The burst of rock shards engulfs the titanic slime creature!
The burst of rock shards engulfs the titanic slime creature!!
The tin is emptied!
The titanic slime creature hits you!!!!
Ouch! That really hurt!
You die...
Your body crumbles into a pile of gold.

#...###..###..##.#####.......#
# #...# #..# #..##.# #.......#
# #...# #..# #..##.# #.......#
# #...# #..# #..##.# #.......#
# #...###..# #..##.# #...(..)#
# .....##..# #..##.# #..(....#
# .###.##..# #..##.# #.......#
# .# #.##..# #..##J# #.......#
# .###.##..# #.)##@# #.......#
# .....##..# #..##.# #.......#
# .....##..#
#.....#####.......# #
.....##..# #........[........#
# .###.##..#
#..#........####..# # .#
#.##..# #..#..####..# #..# #
.###.##..# #..#..# #..# #..# #
.....##..# #..#..# #..# #..# #
....###..# #..#..# #..# #..# #


You could see a titanic slime creature.

Vanquished Creatures
  An orc warlord (Orc:1)
  2 fire dragons (Lair:6)
  4 hydras
  5 boulder beetles
  4 centaur warriors
  2 catoblepae (Lair:6)
  5 two-headed ogres
  5 death yaks
  An orc high priest (Orc:1)
  A fire crab (Lair:5)
  A swamp dragon (Lair:6)
  5 lindwurms
  5 orc knights
  6 orc sorcerers
  2 cyclopes
  6 elephants
  3 ugly things
  5 centaur zombies
  7 black mambas
  5 torpor snails (Lair:6)
  13 cane toads
  5 rime drakes
  15 komodo dragons
  An unseen horror (D:11)
  A polar bear (Lair:5)
  7 trolls
  3 tyrant leeches (Lair:6)
  3 slime creatures (Lair:6)
  7 hornets
  A meliai zombie (D:11)
  6 dream sheep (Lair:6)
  13 blink frogs
  A jumping spider (Lair:2)
  A shadow (D:13)
  30 yaks
  2 culicivoras (Lair:2)
  3 wyverns
  A vampire (D:11)
  A human (shapeshifter) (D:13)
  A wraith (D:13)
  3 steam dragons
  3 redbacks (Lair:2)
  Grum (D:9)
  Eustachio (D:5)
  4 basilisks
  2 vampire mosquitoes (D:13)
  2 wargs (Orc:2)
  An acid dragon (Lair:6)
  15 water moccasins
  24 orc warriors
  A swamp drake (Lair:6)
  A black bear (D:6)
  4 sky beasts
  10 centaurs
  11 ogres
  30 wolves
  13 bullfrogs
  Blork the orc (D:5)
  2 gnoll sergeants
  2 scorpions
  2 water moccasin zombies
  3 water moccasin skeletons
  6 killer bees (D:7)
  4 howler monkeys
  5 wights
  An electric eel (Lair:4)
  23 orc priests
  2 bullfrog zombies (D:7)
  3 jellies
  3 hounds
  2 centaur skeletons
  3 gnoll shamans
  A bullfrog skeleton (D:5)
  5 iguanas
  28 orc wizards
  A hound zombie (D:5)
  2 howler monkey skeletons (D:7)
  A howler monkey zombie (D:4)
  7 adders
  30 gnolls
  4 shadow imps
  An ufetubus (D:4)
  An adder skeleton (D:4)
  5 worms
  2 dart slugs
  81 orcs
  3 bats
  4 endoplasms
  3 giant cockroaches
  9 goblins
  7 hobgoblins
  5 jackals
  4 quokkas
  5 ball pythons
  4 kobolds
  4 rats
595 creatures vanquished.

Vanquished Creatures (collateral kills)
  3 elephants (Lair:6)
  A cane toad (Lair:6)
  2 blink frogs (Lair:6)
  A hornet (Lair:6)
  A steam dragon (Lair:6)
  An acid dragon (Lair:6)
  An iguana (Lair:6)
10 creatures vanquished.

Vanquished Creatures (others)
  An iguana (Lair:6)
  An orc (Orc:1)
  46 fungi
  68 plants
  2 withered plants (D:6)
118 creatures vanquished.

Grand Total: 723 creatures vanquished

Notes
Turn   | Place    | Note
-------+----------+-------------------------------------------
     0 | D:1      | enile the Minotaur Monk began the quest for the Orb.
     0 | D:1      | Reached XP level 1. HP: 19/19 MP: 0/0
   241 | D:1      | You fall into a shaft and drop 1 floor!
   269 | D:2      | Reached skill level 4 in Fighting
   551 | D:2      | Reached XP level 2. HP: 12/28 MP: 1/1
   825 | D:2      | Reached skill level 5 in Fighting
  1012 | D:2      | Reached skill level 1 in Armour
  1012 | D:2      | Reached XP level 3. HP: 31/36 MP: 2/2
  1528 | D:3      | Reached XP level 4. HP: 26/42 MP: 3/3
  1771 | D:2      | Reached skill level 1 in Throwing
  1868 | D:2      | Found a faded altar of an unknown god.
  1915 | D:2      | Prayed at the altar of an unknown god.
  1915 | D:2      | Became a worshipper of Gozag Ym Sagoz the Greedy
  2263 | D:3      | Reached skill level 1 in Polearms
  2364 | D:3      | Reached XP level 5. HP: 43/48 MP: 4/4
  2926 | D:3      | Found Secill's One-of-a-Kind Rings.
  2929 | D:3      | Identified the +1 mace "Vumitaaj" {antimagic, *Corrode
                  | rPois Str+2 Stlth+}
  3154 | D:4      | Reached skill level 5 in Armour
  3154 | D:4      | Reached XP level 6. HP: 43/56 MP: 5/5
  3300 | D:4      | Reached skill level 6 in Fighting
  3559 | D:4      | Noticed a steam dragon
  3565 | D:4      | Killed a steam dragon
  3566 | D:4      | Reached skill level 7 in Fighting
  3766 | D:4      | Reached XP level 7. HP: 66/66 MP: 6/6
  3969 | D:5      | Entered Level 5 of the Dungeon
  4042 | D:5      | Noticed Blork the orc
  4654 | D:5      | Gained mutation: Your spells are a little harder to cast,
                  | but a little more powerful. [potion of mutation]
  4656 | D:5      | Killed Blork the orc
  4947 | D:5      | Noticed a komodo dragon
  4955 | D:5      | Killed a komodo dragon
  4956 | D:5      | Reached skill level 8 in Fighting
  4956 | D:5      | Reached XP level 8. HP: 61/75 MP: 7/7
  5123 | D:5      | Reached skill level 9 in Fighting
  5382 | D:5      | Reached skill level 5 in Polearms
  5505 | D:6      | Noticed Eustachio
  5553 | D:5      | Killed Eustachio
  5871 | D:6      | Found a staircase to the Ecumenical Temple.
  6004 | D:6      | Found a white marble altar of Elyvilon.
  6450 | D:6      | Reached XP level 9. HP: 71/85 MP: 8/8
  6736 | D:6      | Reached skill level 10 in Fighting
  6807 | D:6      | Reached skill level 11 in Fighting
  6809 | D:6      | Reached skill level 1 in Evocations
  6904 | D:6      | Found a runed translucent door.
  6905 | D:6      | Noticed badtown22's ghost (novice VSFi)
  7846 | D:7      | Noticed a cyclops
  7863 | D:7      | Killed a cyclops
  7864 | D:7      | Reached skill level 5 in Throwing
  8272 | D:7      | Reached XP level 10. HP: 28/96 MP: 9/9
  9120 | D:7      | Reached skill level 12 in Fighting
 11072 | D:10     | Entered Level 10 of the Dungeon
 11927 | D:9      | Found a staircase to the Orcish Mines.
 12171 | D:3      | Bought a +6 ring of slaying for 1869 gold pieces
 12375 | D:9      | Noticed Grum
 12425 | D:9      | Reached skill level 5 in Stealth
 13247 | D:9      | Killed Grum
 13853 | D:9      | Found a staircase to the Lair.
 13924 | Lair:1   | Entered Level 1 of the Lair of Beasts
 13954 | Lair:1   | Reached skill level 13 in Fighting
 14304 | Lair:1   | Reached XP level 11. HP: 65/107 MP: 3/10
 14848 | Lair:1   | Reached skill level 14 in Fighting
 15401 | Lair:2   | Reached skill level 5 in Evocations
 15438 | Lair:2   | HP: 2/110 [komodo dragon (17)]
 15776 | Lair:2   | Noticed a death yak
 15776 | Lair:2   | Noticed a death yak
 16414 | D:10     | Reached skill level 10 in Armour
 16527 | D:11     | Noticed a brown ugly thing
 16631 | Lair:1   | Killed a death yak
 17226 | Lair:2   | Noticed a boulder beetle
 17616 | D:11     | Noticed a purple ugly thing
 17635 | D:10     | Killed a purple ugly thing
 17871 | D:11     | Killed a brown ugly thing
 17974 | D:11     | Reached XP level 12. HP: 112/117 MP: 3/11
 18384 | D:11     | Noticed a two-headed ogre
 18390 | D:11     | Killed a two-headed ogre
 18452 | D:11     | Noticed a two-headed ogre
 18456 | D:11     | Killed a two-headed ogre
 18842 | D:12     | Noticed a boulder beetle
 18855 | D:12     | Killed a boulder beetle
 19030 | D:12     | Noticed a two-headed ogre
 19157 | Lair:2   | Killed a boulder beetle
 19278 | Lair:2   | Found a staircase to the Swamp.
 19439 | Lair:2   | Found a hole to the Spider Nest.
 20137 | Lair:2   | Reached skill level 15 in Fighting
 20734 | Lair:3   | Noticed a boulder beetle
 20735 | Lair:3   | Noticed an eight-headed hydra
 20852 | Lair:4   | Reached skill level 10 in Throwing
 21055 | Lair:4   | Noticed Wadghoppo's ghost (journeyman MiHu)
 21064 | Lair:4   | Found a runed translucent gate.
 21064 | Lair:4   | Found a runed translucent gate.
 21065 | Lair:4   | Found a runed translucent gate.
 21204 | Lair:4   | Found an ornate altar of the Wu Jian Council.
 21204 | Lair:4   | Noticed a boulder beetle
 21205 | Lair:4   | Found a hide-covered altar of Uskayaw.
 21219 | Lair:4   | Killed a boulder beetle
 21789 | Lair:4   | Reached skill level 16 in Fighting
 21853 | Lair:5   | Reached XP level 13. HP: 61/128 MP: 4/12
 23600 | Lair:5   | Lost mutation: Your spells are a little harder to cast, but
                  | a little more powerful. [potion of mutation]
 23600 | Lair:5   | Gained mutation: Your system is resistant to poisons.
                  | (rPois) [potion of mutation]
 23600 | Lair:5   | Gained mutation: Your muscles are strong. (Str +2) [potion
                  | of mutation]
 25632 | Lair:3   | Reached skill level 17 in Fighting
 25995 | Lair:6   | Entered Level 6 of the Lair of Beasts
 26126 | Lair:6   | Reached skill level 10 in Polearms
 26861 | Lair:6   | Reached XP level 14. HP: 128/140 MP: 13/13
 27107 | Lair:6   | Found a staircase to the Slime Pits.
 27351 | Lair:6   | HP: 7/140 [catoblepas/blast of calcifying dust (1)]
 28020 | Lair:6   | Found a runed translucent door.
 28907 | Lair:6   | Got the Guide on Battle Magic
 29277 | Orc:1    | Entered Level 1 of the Orcish Mines
 29579 | Orc:1    | Paralysed by an orc sorcerer for 4 turns
 29903 | D:9      | Paralysed by an orc sorcerer for 7 turns
 30690 | Orc:2    | Entered Level 2 of the Orcish Mines
 31031 | Orc:2    | Noticed an orc warlord
 31033 | Orc:2    | Reached skill level 18 in Fighting
 31069 | Orc:1    | Killed an orc warlord
 31421 | Orc:2    | Gained mutation: Potions are less effective at restoring
                  | your health. [a neqoxec]
 31847 | Orc:2    | Found Vagomipo's Book Emporium.
 31886 | Orc:2    | Found Sesiuk's Antique Weapon Emporium.
 31913 | Orc:2    | Found a staircase to the Elven Halls.
 31925 | Orc:2    | Bought a runed trident for 221 gold pieces
 32031 | Orc:2    | Found Vahickum's Antique Armour Emporium.
 32037 | Orc:2    | Bought a glowing chain mail for 270 gold pieces
 32042 | Orc:2    | Bought a transparent ring mail for 324 gold pieces
 32042 | Orc:2    | Identified the +4 ring mail of the Kettle-Drum {Int+6} (You
                  | bought it in a shop on level 2 of the Orcish Mines)
 32080 | Orc:2    | Found Eppop's General Store.
 32086 | Orc:2    | Bought a scroll of teleportation for 33 gold pieces
 32086 | Orc:2    | Bought 2 potions of curing for 66 gold pieces
 32086 | Orc:2    | Bought a scroll of identify for 22 gold pieces
 32086 | Orc:2    | Bought a wand of paralysis (4) for 66 gold pieces
 32158 | Orc:2    | Found Paikhogid's Weapon Emporium.
 33765 | D:13     | Found Pakkecoxa's Antique Armour Boutique.
 33773 | D:13     | Bought a shiny plate armour for 754 gold pieces
 33773 | D:13     | Bought a glowing plate armour for 754 gold pieces
 33882 | D:13     | Reached XP level 15. HP: 112/149 MP: 14/14
 34749 | D:14     | Noticed Josephine
 35249 | D:13     | Annihilated by a titanic slime creature

Illustrated notes

Levels and vault maps discovered:
D:1:      elethiomel_arrival_infinity_welcomes_careful_drivers, layout_basic,
          minmay_pentomino_o2
D:2:      layout_basic, shapermc_ecumenical_altar_petra
D:3:      layout_loops_ring, st_stairs_4, nicolae_shop_unique_rings,
          kennysheep_nondescript, guppyfry_early_orc_mine
D:4:      layout_basic, st_stairs_10
D:5:      layout_cave_pods, grunt_decor_fettered, uniq_blork_the_orc
D:6:      layout_loops_ring, nicolae_elyvilon_peaceful_grove,
          minmay_temple_entry_offerings, gammafunk_ghost_grave, uniq_eustachio
D:7:      layout_basic, minmay_joined_circles
D:8:      layout_gridville
D:9:      layout_long_grid, david_lair_shrubbed, david_orc_5, uniq_grum
D:10:     layout_loops_ring
D:11:     layout_long_grid
D:12:     layout_cave_pods
D:13:     layout_long_grid, serial_shops, shop, drop_trap,
          minmay_misc_feat_cross
D:14:     layout_rooms, hangedman_vaults_entry_quadrant_bands, serial_shops,
          nicolae_shop_waterfront, lemuel_flamethrower_2, uniq_josephine
Lair:1:   layout_chaotic_city, serial_bayou_shore_b
Lair:2:   layout_loops_ring, swamp_mist, nicolae_spider_entry_tight_spaces
Lair:3:   layout_gridlike
Lair:4:   layout_cave_pods, gammafunk_ghost_split,
          nzn_masters_of_martial_movement, lemuel_fruit_tree,
          serial_bayou_shore_a, infiniplex_staircase_pool_2
Lair:5:   layout_small_grid, grunt_megastairs_4
Lair:6:   guppyfry_lair_end_dragon, layout_layer_cave, wormcave,
          minmay_slime_entry_pillars, serial_bayou_pond_e, grunt_megastairs_5
Orc:1:    nicolae_orc_accident_2, layout_caves, hangedman_feature_mirror
Orc:2:    grunt_orc_cross, layout_caves, serial_shops,
          nicolae_shop_bloodbath_and_beyond

Skill      XL: |  1  2  3  4  5  6  7  8  9 10 11 12 13 14 15 |
---------------+----------------------------------------------+-----
Fighting       | 4 5 7 8 9 11 13 14 16 17 18 | 18.0
Armour         | 1 3 5 8 9 11 12 14 | 14.0
Throwing       | 2 6 8 10 12 | 12.0
Polearms       | 1 3 4 5 7 11 12 | 12.7
Stealth        | 3 5 6 7 |  7.0
Evocations     | 3 5 7 8 |  8.0
Axes           | |  3.6
Dodging        | |  3.2

Action                   |  1- 3 |  4- 6 |  7- 9 | 10-12 | 13-15 || total
-------------------------+-------+-------+-------+-------+-------++-------
Melee: Hand axe          |    71 |     5 |       |       |       ||    76
       Headbutt          |    20 |    22 |    46 |   120 |   117 ||   325
       Halberd           |       |   162 |   269 |   207 |       ||   638
       Glaive            |       |       |       |   311 |   594 ||   905
Throw: Javelin           |     1 |       |    15 |    26 |    20 ||    62
       Boomerang         |       |       |    10 |    53 |   184 ||   247
       Throwing net      |       |       |       |     2 |       ||     2
       Dart              |       |       |       |     7 |    13 ||    20
Invok: Potion Petition   |       |       |       |     3 |     3 ||     6
Evoke: Wand              |       |       |     5 |     5 |     9 ||    19
       Box of beasts     |       |       |       |     2 |     3 ||     5
       Tin of tremorston |       |       |       |       |     6 ||     6
  Use: Potion            |       |       |     4 |    11 |     4 ||    19
       Scroll            |       |       |     7 |    24 |     5 ||    36
 Stab: Sleeping          |     1 |       |       |       |       ||     1
       Distracted        |       |       |     3 |     2 |     5 ||    10
       Invisible         |       |       |       |     1 |       ||     1
       Petrifying        |       |       |       |       |     2 ||     2
       Petrified         |       |       |       |       |    14 ||    14
Armor: Chain mail        |    33 |    95 |    24 |   149 |   418 ||   719
       Robe              |     1 |       |       |       |       ||     1
       Plate armour      |       |       |   178 |   182 |    77 ||   437
       Skin              |       |       |       |     7 |     4 ||    11
Dodge: Dodged            |    34 |    60 |   108 |   233 |   273 ||   708
Block: Other             |       |       |       |       |   132 ||   132
       Reflection        |       |       |       |       |    12 ||    12

Table legend: (Time is in decaauts)
 A = Elapsed time spent in this place.
 B = Non-inter-level travel time spent in this place.
 C = Inter-level travel time spent in this place.
 D = Time resting spent in this place.
 E = Time spent auto-exploring this place.
 F = Levels seen in this place.
 G = Mean time per level.
                   A        B        C        D        E       F      G
               +--------+--------+--------+--------+--------+-----+--------+
         Total |  35688 |  33868 |   1820 |   4369 |  24150 |  22 | 1622.2 |
       Dungeon |  20224 |  18932 |   1292 |   3217 |  12918 |  14 | 1444.6 |
          Lair |  12857 |  12396 |    461 |    534 |   9963 |   6 | 2142.8 |
  Orcish Mines |   2606 |   2541 |     65 |    618 |   1269 |   2 | 1303.0 |
               +--------+--------+--------+--------+--------+-----+--------+

Top non-repeatable levels by time:
  Lair:6: 3003 daAuts
  Lair:4: 2530 daAuts
     D:8: 2479 daAuts
     D:7: 2291 daAuts
  Lair:2: 2240 daAuts
     D:9: 2144 daAuts
  Lair:5: 2123 daAuts
    D:13: 1846 daAuts
  Lair:1: 1843 daAuts
    D:10: 1677 daAuts
   Orc:1: 1583 daAuts
     D:4: 1519 daAuts
     D:3: 1461 daAuts
     D:2: 1415 daAuts
     D:5: 1391 daAuts
